 Dungeon Sprint DCSS version 0.16-a0-3643-g096a701 (webtiles) character file.

10 BluebellGnoll the Sneak (level 2, 16/16 HPs)
             Began as a Spriggan Berserker on Jan 16, 2015.
             Was an Elder of Trog.
             Quit the game in the Dungeon (Sprint IX: "|||||||||||||||||||||||||||||").
             The game lasted 00:02:16 (174 turns).

BluebellGnoll the Sneak (Spriggan Berserker)         Turns: 174, Time: 00:02:16

Health: 16/16      AC:  5    Str: 13    XL:     2   Next: 10%
Magic:  4/4        EV: 18    Int:  8    God:    Trog [****..]
Gold:   0          SH:  0    Dex: 15    Spells: 0 memorised, 1 level left

rFire  . . .     SeeInvis +     l - +2 rapier (venom)
rCold  . . .     Clarity  .     b - +0 animal skin
rNeg   . . .     SustAb   .     (shield restricted)
rPois  .         Gourm    .     (helmet restricted)
rElec  .         Spirit   .     a - +0 cloak
rCorr  .         Warding  .     (gloves unavailable)
rMut   .         NoTele   +     (boots unavailable)
MR     ++...                    (no amulet)
Stlth  ++++......               (no ring)
                                m - +2 ring of protection

@: regenerating, very quick, very resistant to hostile enchantments, stealthy
A: unfitting armour, see invisible, herbivore 3, speed 3, slow metabolism 2
a: Burn Spellbooks, Berserk, Trog's Hand, Brothers in Arms, Renounce Religion


You were in the Dungeon.
You worshipped Trog.
Trog was greatly pleased with you.
You were not hungry.

You visited 1 branch

Inventory:

Hand weapons
 l - a +2 rapier of venom (weapon)
Armour
 a - a +0 cloak (worn)
 b - a +0 animal skin (worn)
Jewellery
 m - a +2 ring of protection (left hand)
 n - a +3 ring of intelligence
Magical devices
 k - a wand of draining (7)
Scrolls
 i - 2 scrolls of blinking
 j - 3 scrolls of remove curse
Potions
 d - 5 potions of curing
 e - 3 potions of heal wounds
 f - a potion of invisibility
 g - 4 potions of magic
 h - a potion of berserk rage
Comestibles
 c - a bread ration


   Skills:
 - Level 2.4 Fighting
 - Level 3.2 Short Blades
 - Level 1.3 Armour
 - Level 3.0 Dodging
 + Level 6.6 Stealth


You had one spell level left.
You didn't know any spells.

Dungeon Overview and Level Annotations

Branches:
Dungeon (1/1)

Altars:
Cheibriados
Dithmenos
Elyvilon
Fedhas
Gozag
Kikubaaqudgha
Makhleb
Nemelex Xobeh
Okawaru
Qazlal
Ru
Sif Muna
Trog
Vehumet
Xom
Yredelemnul
Zin
The Shining One
Beogh
Jiyva
Lugonu


Innate Abilities, Weirdness & Mutations

You are tiny and cannot use many weapons and most armour.
You have supernaturally acute eyesight.
You are a herbivore.
You cover ground extremely quickly.
You need consume almost no food.


Message History

m - a +2 ring of protection
n - a +3 ring of intelligence Put on which piece of jewellery? (? for menu, Esc to quit)
m - a +2 ring of protection (left hand) Use which ability? (? or * to list)
Your skin crawls.
You feel resistant to hostile enchantments.
You feel slightly more hungry.
You open the door.
An iguana, a giant frog, an ice beast, 2 kobolds and an orc come into view.
Evoke which item? (* to show all) (? for menu, Esc to quit)
Okay, then.
The orc shouts!
You see here a +1 chain mail.
You see here a +0 centaur barding.
Items here: ))))))
You see here an uncursed staff of energy.
You feel the effects of Trog's Hand fading.
You see here 2 scrolls of amnesia.
Are you sure you want to abandon this character and quit the game? (Confirm with "yes".)

▓'▓
▓.▓
▓.▓
▓[▓
▓Y▓
▓[▓
▓)▓
▓|▓
▓@▓
▓.▓
▓'▓
▓_▓
▓_▓
▓_▓
▓_▓
▓_▓
▓_▓


You could see an ice beast.

Vanquished Creatures
  An orc (D)
  3 bats (D)
  A goblin (D)
  A kobold (D)
  2 giant newts (D)
  A quokka skeleton (D)
  A rat (D)
10 creatures vanquished.

Notes
Turn   | Place    | Note
--------------------------------------------------------------
     0 | D        | BluebellGnoll, the Spriggan Berserker, began the quest for the Orb.
     0 | D        | Reached XP level 1. HP: 11/11 MP: 2/2
    18 | D        | Reached skill level 4 in Stealth
    20 | D        | Acquired Trog's second power
    23 | D        | Reached skill level 5 in Stealth
    42 | D        | Acquired Trog's third power
    47 | D        | Reached skill level 6 in Stealth
    47 | D        | Reached XP level 2. HP: 16/16 MP: 4/4
   116 | D        | Found a glowing silver altar of Zin.
   116 | D        | Found a glowing golden altar of the Shining One.
   116 | D        | Found an ancient bone altar of Kikubaaqudgha.
   116 | D        | Found a basalt altar of Yredelemnul.
   116 | D        | Found a shimmering altar of Xom.
   116 | D        | Found a radiant altar of Vehumet.
   116 | D        | Found an iron altar of Okawaru.
   117 | D        | Found a burning altar of Makhleb.
   118 | D        | Found a deep blue altar of Sif Muna.
   119 | D        | Found a bloodstained altar of Trog.
   120 | D        | Found a sparkling altar of Nemelex Xobeh.
   121 | D        | Found a white marble altar of Elyvilon.
   122 | D        | Found a roughly hewn altar of Beogh.
   123 | D        | Found a viscous altar of Jiyva.
   124 | D        | Found a corrupted altar of Lugonu.
   125 | D        | Found a blossoming altar of Fedhas.
   126 | D        | Found a snail-covered altar of Cheibriados.
   127 | D        | Found a shadowy altar of Dithmenos.
   128 | D        | Found a stormy altar of Qazlal.
   129 | D        | Found an opulent altar of Gozag.
   130 | D        | Found a sacrificial altar of Ru.
   166 | D        | Noticed a giant frog
   166 | D        | Noticed an iguana
   166 | D        | Noticed a big kobold
   166 | D        | Noticed an ice beast
   174 | D        | Quit the game

Action                   || total
-------------------------++-------
Melee: Short sword       ||    38
Invok: Trog's Hand       ||     2
       Berserk           ||     1
  Use: Potion            ||     1
 Stab: Sleeping          ||     3
